 Dungeon Crawl Stone Soup version 0.29-a0-334-gb41bcbb86e (webtiles) character file.

Game seed: 12003154365929090837

6867 experimilk the Basher (level 10, -22/74 HPs)
             Began as a Palentonga Fighter on Apr 16, 2022.
             Was an Elder of Okawaru.
             Annihilated by a two-headed ogre
             ... wielding a +0 giant club
              (28 damage)
             ... on level 9 of the Dungeon.
             The game lasted 00:34:23 (11967 turns).

experimilk the Basher (Palentonga Fighter)         Turns: 11967, Time: 00:34:24

Health: -22/74     AC: 20    Str: 27    XL:     10   Next: 78%
Magic:  11/12      EV: 10    Int:  9    God:    Okawaru [****..]
Gold:   316        SH:  6    Dex:  9    Spells: 9/9 levels left

rFire   . . .      SeeInvis +   B - +5 flail (vamp)
rCold   . . .      Faith    .   c - +0 buckler
rNeg    + . .      Spirit   .   v - +0 ring mail
rPois   .          Reflect  .   (no helmet)
rElec   .          Harm     .   y - +0 cloak
rCorr   .          Rampage  .   A - +0 pair of gloves
Will    .....                   g - +0 barding
Stlth   ..........              (no amulet)
HPRegen 0.22/turn               F - ring "Locw" {rN+ EV+4 Str+3}
MPRegen 0.13/turn               (no ring)

@: mighty, studying 2 skills, curled up, very slow
A: large, rugged brown scales 3, see invisible, deformed body, roll 1, armoured
tail, reflexive curl
a: Rolling Charge, Renounce Religion, Heroism, Finesse


You were on level 9 of the Dungeon.
You worshipped Okawaru.
Okawaru was greatly pleased with you.
You visited 2 branches of the dungeon, and saw 11 of its levels.

You collected 316 gold pieces.

Inventory:

Hand Weapons
 a - a +0 spectral flail
 k - a +2 flail of protection
 B - a +5 vampiric flail (weapon)
Missiles
 q - 4 javelins (quivered)
 z - 4 throwing nets
 C - 13 poisoned darts
Armour
 b - a +0 scale mail
 c - a +0 buckler (worn)
 g - a +0 barding (worn)
 i - a +0 chain mail
 v - a +0 ring mail (worn)
 y - a +0 cloak (worn)
 A - a +0 pair of gloves (worn)
Jewellery
 j - a ring of flight
 F - the ring "Locw" (left hand) {rN+ EV+4 Str+3}
   (You acquired it on level 7 of the Dungeon)

   [ring of evasion]

   EV:        It affects your evasion (+4).
   Str:       It affects your strength (+3).
   rN:        It protects you from negative energy.
Wands
 E - a wand of digging (5)
Scrolls
 e - a scroll of teleportation
 l - a scroll of enchant weapon {unknown}
 n - 2 scrolls of immolation
 o - 2 scrolls of silence
 w - a scroll of magic mapping {unknown}
 G - a scroll of amnesia {unknown}
Potions
 d - 3 potions of magic {unknown}
 f - 3 potions of flight
 h - 2 potions of attraction
 m - 2 potions of mutation
 p - 5 potions of curing
 r - 2 potions of brilliance
 s - 2 potions of resistance
 u - 5 potions of lignification
 D - a potion of heal wounds
Miscellaneous
 t - a phial of floods (inert)


   Skills:
 + Level 3.6 Fighting
 - Level 14.0 Maces & Flails
 * Level 3.4 Armour
 + Level 9.4 Shields
 * Level 2.9 Invocations


You had 9 spell levels left.
You didn't know any spells.
Your spell library contained the following spells:

 Spells                   Type           Power      Damage    Failure   Level
 Apportation              Tloc           0%         N/A       56%         1
 Pain                     Necr           0%         1d4       56%         1
 Sublimation of Blood     Necr           0%         N/A       71%         2
 Wereblood                Tmut           0%         N/A       71%         2
 Dazzling Flash           Conj/Hex       0%         N/A       91%         3
 Vampiric Draining        Necr           0%         2d6       91%         3
 Iskenderun's Mystic Bla  Conj/Tloc      0%         2d3       100%        4
 Alistair's Intoxication  Tmut/Pois      0%         N/A       100%        5
 Starburst                Conj/Fire      0%         6d3       100%        6
 Animate Skeleton         Necr           Unusable   N/A       N/A         1
 Summon Hydra             Summ           Unusable   N/A       N/A         7

Dungeon Overview and Level Annotations

Branches:
Dungeon (10/15)            Temple (1/1) D:6            Lair (0/6) D:9
    Orc (0/2) D:9

Altars:
Ashenzari
Cheibriados
Dithmenos
Elyvilon
Fedhas
Gozag
Hepliaklqana
Kikubaaqudgha
Makhleb
Nemelex Xobeh
Okawaru
Qazlal
Ru
Trog
Uskayaw
Wu Jian
Xom
Yredelemnul
Zin
The Shining One

Shops:
D:4 =

Annotations:
D:4 1 runed translucent door, Crazy Yiuf
D:9 1 runed translucent door


Innate Abilities, Weirdness & Mutations

You are completely covered in rugged brown scales. (AC +3, +7% HP)
You have supernaturally acute eyesight. (SInv)
Armour fits poorly on your strangely shaped body.
You can roll at nearby foes to attack.
You have a long armoured tail.
You curl defensively after being hit. (AC +7*)


Message History

You kill the yak!
Okawaru accepts your kill. You block the yak's attack.
The yak gores you but does no damage. x3
You bludgeon the yak!! You tail-slap the yak!
The yak is severely wounded.
The yak gores you! The yak misses you. The yak gores you!
The yak barely misses you.
You bludgeon the yak!!
You feel better.
You kill the yak!
Okawaru accepts your kill.
You bludgeon the yak!!
The yak is severely wounded.
The yak closely misses you. x2; The yak gores you.
The yak gores you but does no damage.
You sock the two-headed ogre!
The two-headed ogre is lightly wounded.
The yak closely misses you. The yak gores you! The yak barely misses you.
You block the two-headed ogre's attack. The two-headed ogre barely misses you.
The yak gores you.
You barely miss the two-headed ogre.
Your tail-slap misses the two-headed ogre.
The two-headed ogre is lightly wounded.
The yak gores you but does no damage. The yak gores you!
* * * LOW HITPOINT WARNING * * *
The yak gores you!
* * * LOW HITPOINT WARNING * * *
The yak gores you but does no damage.
Aim the phial where?
Press: ? - help, Q - select action, (/) - cycle Shift-Dir - straight line, f - two-headed ogre
Aim: a two-headed ogre, wielding a +0 giant club and a +0 giant spiked club (lightly wounded)
The torrent of water hits the two-headed ogre.
The two-headed ogre is moderately wounded.
The wave splashes down.
Splash!
You fall into the shallow water.
Moving in this stuff is going to be slow.
The two-headed ogre is engulfed in water.
The yak is engulfed in water.
The two-headed ogre hits you with a +0 giant club!!
You die...

..>... # . #.
##########...
..##............
...≈≈........#
###O≈[.......#
#Y@Y.......#
#....Y†Y.......#
................#
#......##########
....... #......
#...... #......


You could see a two-headed ogre (waterlogged) and 4 yaks.

Vanquished Creatures
  Pikel (D:6)
  An elephant (D:9)
  2 trolls
  Sigmund (D:5)
  3 wyverns
  9 yaks
  An acid dragon (D:5)
  Edmund (D:4)
  A water moccasin (D:9)
  4 orc warriors
  2 ice beasts
  2 black bears (D:9)
  6 centaurs
  2 ogres
  A phantom (D:5)
  A kobold brigand (D:7)
  3 bullfrogs
  A scorpion (D:3)
  2 necrophages
  7 wights
  A howler monkey (D:4)
  A jelly (D:8)
  4 hounds
  6 orc priests
  2 gnoll shamans (D:5)
  6 iguanas
  Terence (D:3)
  Natasha (thrice) (D:3)
  7 orc wizards
  Robin (D:3)
  12 gnolls
  7 adders
  3 shadow imps
  3 dart slugs
  26 orcs
  7 endoplasms
  16 goblins
  11 hobgoblins
  3 jackals (D:5)
  2 quokkas
  10 ball pythons
  2 bats
  3 frilled lizards (D:2)
  8 kobolds
  2 rats (D:3)
198 creatures vanquished.

Vanquished Creatures (others)
  A gnoll (D:5)
1 creature vanquished.

Grand Total: 199 creatures vanquished

Notes
Turn   | Place    | Note
-------+----------+-------------------------------------------
     0 | D:1      | experimilk the Palentonga Fighter began the quest for the
                  | Orb.
     0 | D:1      | Reached XP level 1. HP: 19/19 MP: 1/1
   367 | D:1      | Reached XP level 2. HP: 17/25 MP: 2/2
   498 | D:1      | Reached skill level 3 in Maces & Flails
   585 | D:1      | Found a faded altar of an unknown god.
  1235 | D:2      | Reached XP level 3. HP: 30/31 MP: 3/3
  1968 | D:3      | Noticed Natasha
  1970 | D:3      | Killed Natasha
  1970 | D:3      | Noticed Terence
  1971 | D:3      | Reached skill level 4 in Maces & Flails
  1976 | D:3      | Killed Terence
  1977 | D:3      | Reached XP level 4. HP: 16/37 MP: 4/4
  2233 | D:3      | Found a stormy altar of Qazlal.
  2440 | D:3      | Reached skill level 5 in Maces & Flails
  2685 | D:3      | Noticed Robin
  2701 | D:3      | Killed Robin
  2702 | D:3      | Reached XP level 5. HP: 28/43 MP: 5/5
  2705 | D:3      | Noticed Natasha
  2714 | D:3      | Killed Natasha
  3394 | D:3      | Noticed Natasha
  3401 | D:3      | Killed Natasha
  3797 | D:4      | Noticed Edmund
  3879 | D:3      | Reached skill level 6 in Maces & Flails
  4397 | D:3      | Reached XP level 6. HP: 32/50 MP: 6/6
  4676 | D:3      | Reached skill level 7 in Maces & Flails
  4853 | D:4      | Found a runed translucent door.
  4854 | D:4      | Noticed Crazy Yiuf
  4949 | D:4      | Found Cigrorr's Jewellery Shop.
  5334 | D:4      | Killed Edmund
  5335 | D:4      | Reached skill level 8 in Maces & Flails
  5335 | D:4      | Gained mutation: You curl defensively after being hit. (AC
                  | +7*) [Palentonga growth]
  5335 | D:4      | Reached XP level 7. HP: 27/55 MP: 7/7
  5662 | D:5      | Entered Level 5 of the Dungeon
  5828 | D:5      | Noticed a troll
  5838 | D:5      | Killed a troll
  5845 | D:5      | Reached skill level 9 in Maces & Flails
  6256 | D:5      | Noticed Sigmund
  6258 | D:5      | Reached XP level 8. HP: 47/62 MP: 8/8
  6261 | D:5      | Killed Sigmund
  6382 | D:5      | Reached skill level 10 in Maces & Flails
  6914 | D:5      | Reached skill level 11 in Maces & Flails
  7076 | D:5      | Found a burning altar of Makhleb.
  7083 | D:5      | Found a glowing silver altar of Zin.
  7083 | D:5      | Noticed a blizzard demon
  7083 | D:5      | Noticed an angel
  8101 | D:6      | Reached XP level 9. HP: 33/64 MP: 9/9
  8164 | D:6      | Reached skill level 12 in Maces & Flails
  8284 | D:6      | Noticed Pikel
  8346 | D:6      | Found a staircase to the Ecumenical Temple.
  8358 | Temple   | Entered the Ecumenical Temple
  8599 | Temple   | Became a worshipper of Warmaster Okawaru
  9077 | D:6      | Killed Pikel
  9077 | D:6      | Reached * piety under Okawaru
  9078 | D:6      | Reached skill level 13 in Maces & Flails
  9738 | D:7      | Identified 2 scrolls of acquirement
  9738 | D:7      | Acquired the ring "Locw" {rN+ EV+4 Str+3}
  9741 | D:7      | Acquired a manual of Shields
 10022 | D:7      | Reached ** piety under Okawaru
 11081 | D:8      | Reached skill level 14 in Maces & Flails
 11085 | D:8      | Reached skill level 5 in Shields
 11085 | D:8      | Reached XP level 10. HP: 74/74 MP: 10/10
 11132 | D:8      | Found a broken altar of Ashenzari.
 11610 | D:9      | Noticed an elephant
 11610 | D:9      | Found a staircase to the Lair.
 11610 | D:9      | Found a staircase to the Orcish Mines.
 11773 | D:9      | Reached *** piety under Okawaru
 11803 | D:9      | Killed an elephant
 11827 | D:9      | Found a runed translucent door.
 11827 | D:9      | Noticed a sixfirhy
 11842 | D:10     | Entered Level 10 of the Dungeon
 11948 | D:9      | Reached skill level 1 in Invocations
 11950 | D:9      | Reached **** piety under Okawaru
 11958 | D:9      | Noticed a two-headed ogre
 11967 | D:9      | Annihilated by a two-headed ogre

Illustrated notes

Levels and vault maps discovered:
D:1:      dpeg_arrival_simpleton_a, layout_rooms, ebering_ecumenical_altar_mist,
          serial_co_window_serial, co_window_corner_a, co_window_corner_a,
          co_window_paths_b, co_window_corner_a, co_window_corner_a,
          co_window_paths_b, co_window_corner_a, co_window_broadway_c,
          co_window_unsneaky_path_b, co_window_2corner,
          co_window_unsneaky_path_a, co_window_unsneaky_path_b,
          co_window_corner_b, co_window_paths_c, glass_columns_a,
          glass_columns_a, minmay_crystal_water
D:2:      layout_loops_cross, minmay_misc_feat_cross
D:3:      layout_basic, general_overflow_altar, minmay_misc_feat_chi,
          hangedman_abyss_or_decor_stabs, uniq_terence, uniq_natasha, uniq_robin
D:4:      minmay_evil_eye, layout_rooms, serial_shops, kennysheep_mini_moat,
          uniq_edmund, uniq_crazy_yiuf_cottage
D:5:      layout_basic, grunt_temple_overflow_order_and_chaos_2,
          dreamdust_princess_bridge, grunt_tough_drop, uniq_sigmund
D:6:      layout_layer_cave, minmay_temple_entry_stoned_glass, st_stairs_13,
          uniq_pikel
D:7:      layout_basic
D:8:      layout_loops_ring, cheibrodos_ashenzari_chains, minivault_26,
          minivault_26
D:9:      cheibrodos_shockbox, layout_basic,
          mainiacjoe_overflow_small_starburst, vehumet_statue,
          david_lair_generic, orc_0_dummy, serial_shops, shop_statue
D:10:     layout_basic, uniq_maurice
Temple:   eino_temple_scatter_basement

Skill      XL: |  1  2  3  4  5  6  7  8  9 10 |
---------------+-------------------------------+-----
Maces & Flails | 3 4 5 6 8 9 11 14 | 14.0
Shields        | 5 9 |  9.4
Invocations    | 2 |  2.9
Armour         | 3 |  3.4
Fighting       | |  3.6

Action                   |  1- 3 |  4- 6 |  7- 9 | 10-12 || total
-------------------------+-------+-------+-------+-------++-------
Melee: Flail             |    82 |   171 |   187 |    87 ||   527
       Tailslap          |     7 |    22 |    30 |    13 ||    72
Throw: Javelin           |       |       |     4 |     4 ||     8
 Abil: Rolling Charge    |    18 |    16 |    71 |    17 ||   122
Evoke: Phial of floods   |       |       |       |     1 ||     1
  Use: Scroll            |     6 |     4 |    10 |     4 ||    24
       Potion            |     1 |     3 |     3 |     3 ||    10
Armor: Scale mail        |    35 |   102 |       |       ||   137
       Ring mail         |       |       |    50 |    38 ||    88
Dodge: Dodged            |    27 |    64 |    56 |    38 ||   185
Block: Buckler           |    14 |    34 |    23 |    26 ||    97

Table legend: (Time is in decaauts)
 A = Elapsed time spent in this place.
 B = Non-inter-level travel time spent in this place.
 C = Inter-level travel time spent in this place.
 D = Time resting spent in this place.
 E = Time spent auto-exploring this place.
 F = Levels seen in this place.
 G = Mean time per level.
                   A        B        C        D        E       F      G
               +--------+--------+--------+--------+--------+-----+--------+
         Total |  12008 |  11325 |    683 |   4293 |   3844 |  11 | 1091.6 |
       Dungeon |  11757 |  11082 |    675 |   4293 |   3704 |  10 | 1175.7 |
        Temple |    250 |    242 |      8 |      0 |    140 |   1 |  250.0 |
               +--------+--------+--------+--------+--------+-----+--------+

Top non-repeatable levels by time:
     D:3: 2833 daAuts
     D:5: 2115 daAuts
     D:6: 1408 daAuts
     D:1: 1214 daAuts
     D:4: 1192 daAuts
     D:7: 1007 daAuts
     D:8: 999 daAuts
     D:2: 775 daAuts
  Temple: 250 daAuts
     D:9: 126 daAuts
    D:10: 82 daAuts
